 Dungeon Crawl Stone Soup version 0.31-a0-188-g5e087ee2ca (webtiles) character file.

Game seed: 1403710589105749344

789 Midn8 the Shooter (level 7, -1/50 (59) HPs)
             Began as a Yellow Draconian Hunter on June 23, 2023.
             Was a Believer of Qazlal.
             Slain by a wight
             ... wielding a +1 long sword
              (5 damage)
             ... on level 5 of the Dungeon.
             The game lasted 00:08:21 (4220 turns).

Midn8 the Shooter (Yellow Draconian Hunter)         Turns: 4220, Time: 00:08:21

HP:   -1/50 (59)    AC:  8    Str: 20    XL:     7   Next: 56%
MP:   10/10         EV: 17    Int:  9    God:    Qazlal [**....]
Gold: 135           SH:  2    Dex: 16    Spells: 6/6 levels left

rFire   . . .        e - +2 hand crossbow (drain)
rCold   . . .        (no shield)
rNeg    . . .        (body armour unavailable)
rPois   .            (helmet restricted)
rElec   +            (no cloak)
rCorr   +            n - +1 pair of gloves
SInv    .            (no boots)
Will    .....        o - amulet of faith
Stlth   ++           p - +6 ring of strength
HPRegen 0.28/turn    l - ring "Oreeps" {rElec EV+5}
MPRegen 0.12/turn

%: faith
@: heavily drained
A: spit acid, AC +6, unfitting armour, cold-blooded, acid resistance
a: Breathe Acid, Renounce Religion, Upheaval


You were on level 5 of the Dungeon.
You worshipped Qazlal.
Qazlal was pleased with you.
You visited 1 branch of the dungeon, and saw 6 of its levels.

You collected 265 gold pieces.
You spent 130 gold pieces at shops.

Inventory:

Hand Weapons
 a - a +0 shortbow of draining
 e - a +2 hand crossbow of draining (weapon)
Missiles
 r - 2 poisoned darts
Armour
 n - a +1 pair of gloves (worn)
Jewellery
 k - a ring of fire
 l - the ring "Oreeps" (right hand) {rElec EV+5}
   (You found it on level 4 of the Dungeon)

   [ring of evasion]

   EV:        It affects your evasion (+5).
   rElec:     It insulates you from electricity.
 o - an amulet of faith (around neck)
 p - a +6 ring of strength (left hand)
Wands
 s - a wand of mindburst (14)
 u - a wand of paralysis (15)
Scrolls
 b - a scroll of butterflies
 c - a scroll of vulnerability
 f - 3 scrolls of amnesia
 h - a scroll of teleportation
 w - a scroll of enchant weapon
Potions
 d - 5 potions of heal wounds
 g - 4 potions of might
 i - 4 potions of curing
 j - a potion of lignification {unknown}
 q - a potion of cancellation {unknown}
 t - 2 potions of enlightenment


   Skills:
 - Level 4.0 Fighting
 + Level 7.3 Ranged Weapons
 - Level 1.7 Dodging
 - Level 0.8 Stealth
 - Level 4.0 Invocations


You had 6 spell levels left.
You didn't know any spells.
Your spell library contained the following spells:

 Spells                   Type           Power      Damage    Failure   Level
 Dazzling Flash           Conj/Hex       0%         N/A       77%         3
 Agony                    Necr           0%         N/A       100%        5
 Silence                  Hex/Air        0%         N/A       100%        5


Dungeon Overview and Level Annotations

Branches:
Dungeon (6/15)             Temple (0/1) D:5

Altars:
Dithmenos
Gozag
Nemelex Xobeh
Qazlal
Xom
Zin

Shops:
D:3 =!:

Annotations:
D:6 rinse's ghost, weakling KoDe


Innate Abilities, Weirdness & Mutations

You can spit globs of acid.
Your golden yellow scales are hard. (AC +6)
You cannot fit into any form of body armour.
You are cold-blooded and may be slowed by cold attacks.
You are resistant to acid. (rCorr)


Message History

Aim: a wight, wielding a +1 long sword and wearing a +0 robe (68% to hit)
You shoot a bolt. The bolt closely misses the wight.
The bolt hits the wight!
The wight is almost destroyed.
The wight misses you.
Fire: e) +2 hand crossbow (drain)
Press: ? - help, Q - select action, (/) - cycle Shift-Dir - straight line, f/p - wight
Aim: a wight, wielding a +1 long sword and wearing a +0 robe (68% to hit)
You shoot a bolt. The bolt closely misses the wight.
The bolt hits the wight!
You destroy the wight!
Qazlal accepts your kill. The wight closely misses you. x2
Fire: e) +2 hand crossbow (drain)
Press: ? - help, Q - select action, (/) - cycle Shift-Dir - straight line, f/p - wight
Aim: a wight, wielding a +1 long sword and wearing a +0 robe (68% to hit)
You shoot a bolt. The bolt closely misses the wight.
The wight hits you with a +1 long sword!
* * * LOW HITPOINT WARNING * * *
Fire: e) +2 hand crossbow (drain)
Press: ? - help, Q - select action, (/) - cycle Shift-Dir - straight line, f/p - wight
Aim: a wight, wielding a +1 long sword and wearing a +0 robe (68% to hit)
You shoot a bolt.
The bolt hits the wight but does no damage.
You block the wight's attack. The wight closely misses you.
Fire: e) +2 hand crossbow (drain)
Press: ? - help, Q - select action, (/) - cycle Shift-Dir - straight line, f/p - wight
Aim: a wight, wielding a +1 long sword and wearing a +0 robe (68% to hit)
You shoot a bolt. The bolt hits the wight.
The wight is lightly damaged.
The wight hits you with a +1 long sword!
* * * LOW HITPOINT WARNING * * *
You feel drained.
* * * LOW HITPOINT WARNING * * *
Fire: e) +2 hand crossbow (drain)
Press: ? - help, Q - select action, (/) - cycle Shift-Dir - straight line, f/p - wight
Aim: a wight, wielding a +1 long sword and wearing a +0 robe (lightly damaged, 68% to hit)
You shoot a bolt. The bolt hits the wight!
The wight is severely damaged.
You block the wight's attack.
The wight hits you with a +1 long sword.
You die...

.########.##..........#
...# #.#########..##
^..## #..# ##.## ....##
##.## #..# ###.<# #..##
#.## ##.######..#####.#
#....####.......#
####....####.####
####..###.@z>##
##.....##..#########
###...............#
#.####..........#
########.# #..........#
# #........#
#..........#
######.....####
#..........#
.....#.....#
#..........#
####.......#
#..........#


You could see a wight.

Vanquished Creatures
  Duvessa (D:4)
  A scorpion (D:5)
  3 wights
  Dowan (D:4)
  A hound (D:5)
  An orc priest (D:4)
  4 iguanas
  A sleepcap (D:5)
  An orc wizard (D:3)
  8 gnolls
  An adder (D:5)
  A shadow imp (D:6)
  An ufetubus (D:5)
  A dart slug (D:4)
  14 orcs
  3 bats (D:3)
  4 endoplasms
  3 giant cockroaches
  9 goblins
  10 hobgoblins
  2 jackals (D:4)
  6 kobolds
  5 quokkas
  11 ball pythons
  3 frilled lizards (D:1)
  5 rats
101 creatures vanquished.

Notes
Turn   | Place    | Note
-------+----------+-------------------------------------------
     0 | D:1      | Midn8 the Draconian Hunter began the quest for the Orb.
     0 | D:1      | Reached XP level 1. HP: 17/17 MP: 1/1
   169 | D:1      | Reached skill level 4 in Ranged Weapons
   173 | D:1      | Reached XP level 2. HP: 24/24 MP: 2/2
   594 | D:1      | Found a faded altar of an unknown god.
  1480 | D:2      | Reached XP level 3. HP: 29/29 MP: 3/3
  1861 | D:3      | Reached skill level 5 in Ranged Weapons
  1861 | D:3      | Reached XP level 4. HP: 33/36 MP: 4/4
  1944 | D:3      | Found Jyuqiok's Jewellery Shoppe.
  1987 | D:3      | Found a stormy altar of Qazlal.
  1993 | D:3      | Found an opulent altar of Gozag.
  1996 | D:3      | Became a worshipper of Qazlal Stormbringer
  2144 | D:3      | Found Othag's Book Emporium.
  2165 | D:3      | Found Xolyvep's Distillery.
  2169 | D:3      | Bought a potion of heal wounds for 65 gold pieces
  2169 | D:3      | Bought a potion of might for 52 gold pieces
  2658 | D:4      | Reached XP level 5. HP: 41/41 MP: 5/5
  2699 | D:3      | Bought a potion of degeneration for 13 gold pieces
  2707 | D:4      | Found a shimmering altar of Xom.
  2707 | D:4      | Found a glowing silver altar of Zin.
  2707 | D:4      | Found a shadowy altar of Dithmenos.
  2707 | D:4      | Found a sparkling altar of Nemelex Xobeh.
  2772 | D:4      | Identified a scroll of acquirement
  2772 | D:4      | Acquired a +1 hand crossbow of draining
  2858 | D:4      | Reached skill level 6 in Ranged Weapons
  2862 | D:4      | Reached * piety under Qazlal
  3070 | D:4      | Noticed Duvessa
  3070 | D:4      | Noticed Dowan
  3071 | D:4      | Killed Dowan
  3076 | D:4      | Killed Duvessa
  3077 | D:4      | Reached XP level 6. HP: 7/52 MP: 5/7
  3264 | D:4      | Identified the ring "Oreeps" {rElec EV+5}
  3654 | D:5      | Entered Level 5 of the Dungeon
  3689 | D:5      | Found a staircase to the Ecumenical Temple.
  3752 | D:5      | Your scales start taking on a golden yellow colour.
  3752 | D:5      | Reached XP level 7. HP: 46/59 MP: 10/10
  3752 | D:5      | Gained mutation: You are resistant to acid. (rCorr) [Yellow
                  | Draconian growth]
  4168 | D:5      | Reached ** piety under Qazlal
  4169 | D:5      | Reached skill level 7 in Ranged Weapons
  4207 | D:6      | Noticed rinse's ghost (weakling KoDe)
  4220 | D:5      | Slain by a wight

Illustrated notes

Levels and vault maps discovered:
D:1:      matt_arrival_los_fun, layout_basic,
          dilly_ecumenical_altar_fadedgnrine, serial_forest,
          infiniplex_forest_clump_medium, infiniplex_forest_zigzag_1,
          infiniplex_forest_lined_4_way, infiniplex_forest_clump_cross,
          infiniplex_forest_lined_corner, infiniplex_forest_clump_small,
          infiniplex_forest_clump_medium
D:2:      minmay_general_purpose_star, layout_basic, bh_walls_and_bars
D:3:      layout_loops_ring, mainiacjoe_overflow_divided_tiny, serial_shops,
          shop, shop, nicolae_shop_gaudy_bauble
D:4:      layout_gridville, chequers_temple_overflow_statue_of_worship,
          chequers_serial_rivers_marsh, uniq_duvessa
D:5:      layout_rooms, temple_statues
D:6:      layout_loops_cross, gammafunk_ghost_split, kennysheep_generic_room_4,
          uniq_pikel

Skill      XL: |  1  2  3  4  5  6  7 |
---------------+----------------------+-----
Ranged Weapons | 4 5 6 7 |  7.3
Fighting       | 4 |  4.0
Invocations    | 2 4 |  4.0
Dodging        | |  1.7
Stealth        | |  0.8

Action                     |  1- 3 |  4- 6 |  7- 9 || total
---------------------------+-------+-------+-------++-------
   Fire: Shortbow          |    88 |   107 |       ||   195
         Hand crossbow     |       |    47 |    34 ||    81
    Use: Scroll            |       |     7 |     3 ||    10
 Armour: Skin              |    12 |    25 |     6 ||    43
  Dodge: Dodged            |    17 |    63 |    29 ||   109
  Block: Other             |       |     2 |     3 ||     5

Table legend: (Time is in decaauts)
 A = Elapsed time spent in this place.
 B = Non-inter-level travel time spent in this place.
 C = Inter-level travel time spent in this place.
 D = Time resting spent in this place.
 E = Time spent auto-exploring this place.
 F = Levels seen in this place.
 G = Mean time per level.
                   A        B        C        D        E       F      G
               +--------+--------+--------+--------+--------+-----+--------+
         Total |   4300 |   4102 |    198 |    429 |   3033 |   6 |  716.7 |
       Dungeon |   4300 |   4102 |    198 |    429 |   3033 |   6 |  716.7 |
               +--------+--------+--------+--------+--------+-----+--------+

Top non-repeatable levels by time:
     D:4: 1189 daAuts
     D:2: 997 daAuts
     D:3: 798 daAuts
     D:1: 720 daAuts
     D:5: 536 daAuts
     D:6: 57 daAuts
